Map: Blackpink LE

Players

Hurricane - Winner!

  • Race: Protoss Protoss
  • Spawn Location: 1:00

uThermal

  • Race: Terran Terran
  • Spawn Location: 7:00

Event: IEM Season 12 - Katowice

VOD

Have the link to the VOD?

Description

Time

  • Played on: March 1, 2018, 11:46 a.m.
  • Length: 9:02

All games in this series

Show
View Real Time Build Order
Export as new Build Order

Hurricane Protoss - Winner!

Build Orders: 1 Gate Expand, Colossus Rush 

Get SALT Encoding   

  12  0:00  Probe  
  13  0:13  Probe  
  14  0:17  Pylon  
  14  0:25  Probe (Chrono Boost)  
  15  0:37  Probe (Chrono Boost), Gateway  
  16  0:45  Probe (Chrono Boost)  
  16  0:46  Assimilator  
  17  0:51  Probe  
  18  1:03  Probe  
  19  1:15  Probe  
  20  1:23  Nexus  
  20  1:31  Cybernetics Core  
  20  1:34  Probe  
  20  1:39  Assimilator  
  21  1:46  Probe  
  22  1:49  Pylon  
  22  1:59  Probe  
  23  2:06  Adept (Chrono Boost)  
  23  2:07  Warp Gate  
  23  2:11  Probe  
  26  2:22  Robotics Facility  
  26  2:24  Probe (Chrono Boost)  
  26  2:28  Adept  
  29  2:34  Probe (Chrono Boost)  
  29  2:36  Probe (Chrono Boost)  
  31  2:44  Probe x2 (Chrono Boost)  
  33  2:49  Probe (Chrono Boost)  
  33  2:50  Probe  
  35  3:01  Probe  
  35  3:05  Probe  
  39  3:08  Pylon  
  39  3:09  Immortal (Chrono Boost)  
  43  3:14  Probe  
  43  3:17  Probe  
  45  3:26  Probe, Robotics Bay  
  44  3:29  Probe  
  44  3:31  Gateway  
  45  3:38  Warp Prism (Chrono Boost)  
  47  3:41  Probe  
  47  3:47  Probe  
  49  3:50  Pylon  
  49  3:53  Probe  
  49  3:54  Assimilator  
  50  3:58  Assimilator  
  50  3:59  Probe  
  51  4:05  Pylon  
  51  4:06  Probe  
  51  4:07  Observer  
  53  4:12  Sentry  
  53  4:14  Probe  
  56  4:18  Probe  
  57  4:25  Gateway  
  57  4:28  Probe, Gravitic Drive (Chrono Boost)  
  57  4:30  Probe, Zealot  
  61  4:35  Zealot  
  61  4:38  Observer  
  64  4:40  Probe  
  65  4:46  Twilight Council  
  65  4:48  Forge  
  65  4:51  Pylon  
  65  5:03  Probe  
  65  5:05  Nexus  
  65  5:06  Pylon, Colossus (Chrono Boost)  
  72  5:24  Blink (Chrono Boost)  
  72  5:27  Protoss Ground Weapons Level 1  
  72  5:28  Probe x2  
  74  5:30  Extended Thermal Lance  
  74  5:40  Probe  
  75  5:47  Probe  
  76  5:50  Colossus (Chrono Boost)  
  76  5:55  Zealot  
  84  6:01  Gateway  
  84  6:02  Gateway  
  84  6:03  Gateway  
  84  6:07  Gateway  
  84  6:10  Probe  
  84  6:11  Probe  
  86  6:15  Gateway  
  86  6:17  Zealot, Sentry x2  
  92  6:20  Probe  
  92  6:24  Probe  
  94  6:27  Pylon  
  94  6:30  Pylon  
  95  6:32  Probe  
  95  6:33  Probe  
  96  6:41  Colossus (Chrono Boost)  
  102  6:52  Sentry, Stalker  
  102  6:55  Probe  
  102  6:56  Probe  
  102  6:57  Assimilator  
  102  6:59  Stalker, Assimilator  
  102  7:01  Pylon  
  106  7:03  Pylon  
  106  7:04  Stalker x2  
  110  7:14  Pylon  
  113  7:15  Charge (Chrono Boost)  
  113  7:18  Stalker x2  
  113  7:20  Stalker  
  113  7:21  Stalker  
  118  7:28  Stalker x2  
  118  7:29  Zealot  
  124  7:31  Zealot  
  126  7:44  Probe x3  
  126  7:47  Forge  
  126  7:50  Stalker x2  
  133  7:57  Zealot x3  
  131  8:07  Zealot x3  
  133  8:23  Pylon  
  133  8:25  Nexus  
  133  8:28  Templar Archives  
  133  8:29  Sentry  
  133  8:30  Sentry x2  
  133  8:32  Stalker  
  141  8:42  Pylon  
  135  8:57  Stalker x4  
Show
View Real Time Build Order
Export as new Build Order

uThermal Terran 

Build Orders: Reaper Expand, MMM Bio 

Get SALT Encoding   

  12  0:01  SCV  
  13  0:13  SCV  
  14  0:17  Supply Depot  
  14  0:25  SCV  
  15  0:38  SCV  
  15  0:41  Barracks  
  16  0:44  Refinery  
  16  0:50  SCV  
  17  1:02  SCV  
  18  1:15  SCV  
  19  1:28  Reaper, Orbital Command  
  20  1:41  Command Center  
  20  1:52  Supply Depot  
  20  1:54  SCV  
  21  2:00  Barracks Reactor  
  21  2:06  SCV  
  22  2:18  SCV  
  22  2:20  Command Center  
  23  2:30  SCV  
  23  2:31  Barracks  
  23  2:37  Marine x2  
  24  2:42  SCV  
  27  2:52  Orbital Command  
  27  2:54  SCV, Marine  
  27  2:55  Marine  
  30  3:05  Engineering Bay  
  30  3:07  SCV  
  30  3:13  Marine x2  
  30  3:18  SCV  
  30  3:19  SCV  
  34  3:20  Barracks Tech Lab  
  34  3:30  SCV  
  34  3:31  SCV, Marine x2, Terran Infantry Weapons Level 1  
  34  3:34  Orbital Command  
  38  3:39  Missile Turret, Marine  
  39  3:44  Stimpack  
  39  3:45  SCV  
  39  3:47  SCV  
  41  3:49  Marine x2  
  43  3:57  SCV, Marine  
  43  3:59  SCV  
  43  4:00  Barracks  
  43  4:01  SCV  
  47  4:06  Marine  
  47  4:07  Marine  
  47  4:09  SCV  
  50  4:12  SCV, Factory  
  50  4:13  SCV  
  52  4:21  SCV  
  52  4:23  Refinery  
  52  4:24  Supply Depot, SCV, Refinery  
  54  4:27  Bunker, Marine  
  54  4:28  Marine  
  54  4:29  Marine  
  54  4:31  SCV  
  58  4:33  SCV  
  58  4:38  SCV  
  60  4:39  Supply Depot  
  60  4:44  SCV  
  60  4:45  SCV, Marine x2  
  61  4:47  Marine  
  61  4:50  Barracks Tech Lab  
  61  4:51  SCV  
  66  4:55  Refinery  
  66  4:56  SCV  
  67  5:03  Marine  
  67  5:05  SCV  
  67  5:06  Marine, Marauder  
  71  5:11  Starport, Factory Reactor  
  71  5:12  SCV  
  72  5:17  Marine  
  72  5:20  Orbital Command  
  70  5:21  SCV  
  70  5:23  Marine  
  70  5:25  Combat Shields  
  70  5:27  Terran Infantry Armor Level 1  
  71  5:33  SCV, Marine  
  73  5:37  Supply Depot  
  73  5:39  Marine, Marauder  
  74  5:52  Marine  
  74  5:54  Barracks  
  74  5:55  Barracks  
  74  5:56  Factory Reactor  
  73  5:58  Medivac x2  
  73  5:59  Marine  
  73  6:01  SCV  
  73  6:03  SCV  
  80  6:10  Marine x2, Marauder  
  84  6:14  SCV  
  84  6:16  Supply Depot  
  84  6:18  SCV x2  
  87  6:27  Marine  
  87  6:28  Medivac x2  
  87  6:31  SCV  
  93  6:37  SCV, Marine  
  95  6:51  Widow Mine x2, SCV  
  95  6:53  SCV  
  101  6:54  Supply Depot  
  101  6:59  Barracks Tech Lab  
  101  7:00  Barracks Reactor, Barracks Tech Lab  
  101  7:05  Supply Depot  
  101  7:07  Marine, Medivac x2  
  101  7:08  SCV, Marauder  
  109  7:16  SCV x2  
  109  7:19  Widow Mine x2  
  109  7:22  Supply Depot x2, Marine x2  
  115  7:27  Marauder  
  115  7:28  SCV  
  115  7:29  Marauder  
  122  7:32  Supply Depot, Marine  
  123  7:37  Viking, Marine x2  
  123  7:38  Supply Depot  
  123  7:39  Viking  
  123  7:40  Marine  
  127  7:44  Marauder  
  127  7:49  Widow Mine x2, Marauder  
  127  7:50  Marine  
  127  7:51  Marauder  
  133  8:05  Marine  
  125  8:06  Marauder  
  118  8:19  Viking x2  
  112  8:24  Marine  
  112  8:25  Marine, Marauder x2  
  112  8:27  Marine x2, Marauder  
  126  8:39  Supply Depot  
  125  8:42  Marine  
  125  8:43  Marine  

Tags
 
Add a new tag
Caveats
  • Supply blocks, unpowered buildings, or Contaminate may cause inaccurate times.
  • Supply counts are checked every 10 seconds.